Map: 匹昂台地

Players

Halteclere

  • Race: Terran Terran
  • League: Gold

shengy - Winner!

  • Race: Zerg Zerg
  • League: Gold

VOD

Have the link to the VOD?

Description

Time

  • Played on: Dec. 10, 2015, 12:58 a.m.
  • Length: 28:25
Show
View Real Time Build Order
Export as new Build Order

Halteclere Terran 

Build Orders: Mech 

Get SALT Encoding   

  12  0:00  SCV  
  13  0:13  SCV  
  14  0:23  Supply Depot  
  14  0:25  SCV  
  15  0:42  Refinery  
  15  0:45  SCV  
  15  0:46  Barracks  
  16  0:57  SCV  
  17  1:09  SCV  
  18  1:17  Barracks  
  18  1:21  SCV  
  19  1:33  SCV  
  19  1:34  Refinery  
  19  1:35  Reaper  
  19  1:38  Supply Depot  
  22  1:52  Orbital Command  
  21  2:07  Barracks Reactor  
  21  2:25  Reaper  
  21  2:26  Supply Depot  
  22  2:45  Command Center  
  22  2:48  Reaper  
  22  2:49  Reaper  
  24  2:52  SCV  
  25  2:59  Factory  
  25  3:03  Reaper  
  26  3:10  SCV  
  27  3:29  SCV  
  28  3:43  Marine  
  28  3:46  Barracks Tech Lab  
  26  4:18  Orbital Command  
  26  4:19  Marine x2  
  26  4:20  Hellion  
  26  4:21  Hellion, SCV  
  26  4:24  Starport  
  33  4:32  Supply Depot  
  33  4:34  SCV  
  33  4:38  Marine x2  
  34  4:40  Combat Shields  
  34  4:42  Hellion x2  
  40  4:46  SCV  
  40  4:49  Orbital Command  
  41  4:55  Engineering Bay  
  41  5:03  Medivac  
  41  5:04  Hellion x2, Marine x2  
  41  5:05  SCV  
  50  5:22  Refinery, Marine  
  51  5:34  Marine  
  52  5:39  Marine  
  52  5:41  Starport Reactor  
  53  5:43  Armory  
  53  5:44  Factory, SCV  
  43  5:59  Hellion x2, Marine  
  43  6:00  Marine  
  43  6:02  Liberator  
  43  6:03  Liberator  
  49  6:17  SCV  
  54  6:20  Hellion x2  
  55  6:29  SCV  
  56  6:33  SCV  
  56  6:37  Refinery  
  56  6:38  Factory Tech Lab  
  57  6:40  Factory  
  57  6:41  Marine x2  
  57  6:42  SCV  
  57  6:45  SCV  
  61  6:49  Supply Depot  
  61  6:54  SCV  
  62  7:02  Infernal Pre-Igniter  
  62  7:11  Hellbat, Siege Tank, SCV  
  62  7:14  Supply Depot  
  69  7:15  SCV  
  69  7:23  SCV  
  69  7:27  SCV  
  71  7:35  Hellbat x2  
  75  7:48  Factory Tech Lab  
  75  7:50  Supply Depot  
  75  7:53  Thor  
  75  7:54  Liberator x2  
  75  7:56  Hellbat  
  75  7:57  Hellbat  
  85  7:59  SCV  
  85  8:04  Supply Depot  
  86  8:07  Supply Depot  
  86  8:11  SCV  
  93  8:14  SCV  
  94  8:32  Missile Turret x2  
  94  8:38  Missile Turret  
  94  8:39  Missile Turret x2  
  94  8:40  Liberator  
  94  8:43  Missile Turret  
  94  8:48  Command Center  
  94  9:01  Thor  
  103  9:05  SCV  
  104  9:16  Terran Vehicle Weapons Level 1  
  104  9:22  Hellbat x2, Marine x2, Armory  
  110  9:38  Thor, Supply Depot  
  110  9:40  Supply Depot  
  116  9:54  Armory  
  116  9:57  Hellbat  
  116  9:59  Thor  
  124  10:01  Supply Depot  
  124  10:06  Orbital Command  
  124  10:21  Viking x2  
  128  10:33  Orbital Command  
  126  11:01  Terran Ship Weapons Level 1, Terran Vehicle And Ship Armor Level 1  
  126  11:14  Liberator  
  126  11:29  Hellbat x2, Thor  
  126  11:30  Siege Tank  
  142  11:33  SCV  
  143  11:59  Refinery x2  
  143  12:01  Missile Turret  
  142  12:25  Command Center  
  142  12:32  Starport  
  142  12:33  Terran Vehicle Weapons Level 2  
  142  12:35  Viking  
  142  12:36  Viking  
  146  12:37  Thor  
  146  12:40  Siege Tank  
  146  12:41  Hellbat  
  157  12:47  Supply Depot  
  157  12:48  Hellbat  
  157  12:49  Supply Depot  
  157  12:51  SCV  
  160  13:08  Viking x2  
  163  13:32  Command Center  
  163  13:35  Missile Turret  
  163  13:41  Starport Tech Lab  
  163  13:44  Starport  
  163  13:45  Terran Vehicle And Ship Armor Level 2  
  163  13:46  Terran Ship Weapons Level 2  
  163  13:48  Thor  
  169  14:01  Viking x2  
  173  14:12  Fusion Core  
  173  14:34  Liberator  
  173  14:35  Liberator  
  179  14:54  Viking x2  
  179  14:56  Thor  
  179  14:58  Siege Tank  
  187  15:35  Orbital Command  
  187  15:45  Missile Turret  
  187  15:46  Missile Turret  
  187  15:56  Command Center  
  160  16:39  Viking x2  
  164  16:50  Starport  
  163  17:09  Viking x2  
  163  17:14  Terran Vehicle And Ship Armor Level 3, Terran Vehicle Weapons Level 3  
  167  17:18  Orbital Command  
  166  17:39  Viking x2  
  166  17:40  Orbital Command  
  168  17:53  Thor  
  168  17:54  Siege Tank  
  177  18:06  SCV  
  177  18:09  Viking  
  180  18:18  SCV  
  178  18:30  SCV  
  149  18:42  SCV, Viking x4  
  158  18:54  SCV  
  149  19:12  Viking x3  
  116  19:28  Liberator x4  
  108  19:51  Terran Ship Weapons Level 3  
  90  20:35  Thor x2  
  94  20:40  Orbital Command  
  100  21:04  Starport  
  100  21:06  Orbital Command  
  76  21:41  Thor  
  76  21:42  Thor  
  88  21:55  Refinery x2  
  88  22:11  Starport Tech Lab  
  88  22:12  Liberator x2  
  88  22:18  Command Center  
  89  23:16  Refinery  
  89  23:17  Advanced Ballistics  
  89  23:41  Missile Turret  
  89  23:44  Missile Turret  
  89  23:45  Liberator  
  89  23:51  Missile Turret x3  
  89  23:54  Missile Turret x4  
  89  23:55  Missile Turret  
  89  23:59  Thor  
  98  24:04  Liberator  
  97  24:10  Refinery x2  
  96  24:34  Missile Turret  
  96  24:36  Missile Turret  
  96  24:39  Missile Turret  
  96  24:40  Missile Turret  
  96  24:42  Missile Turret  
  96  25:08  SCV x4  
  94  25:20  SCV x4  
  85  25:32  SCV x2  
  56  25:49  Liberator x3  
  47  25:50  Liberator  
  23  26:08  Thor  
  41  26:24  SCV x2  
  41  26:25  SCV x2  
  45  26:31  Liberator  
  45  26:32  Liberator  
  45  26:36  SCV  
  52  27:05  Orbital Command  
  52  27:18  Liberator  
  52  27:34  Viking x2  
  27  28:11  SCV  
Show
View Real Time Build Order
Export as new Build Order

shengy Zerg - Winner!

Build Orders: Pool First, Muta Ling Bane, Swarm Host 

Get SALT Encoding   

  12  0:02  Drone  
  13  0:10  Drone  
  14  0:17  Overlord  
  14  0:36  Drone x2  
  14  0:37  Drone  
  17  0:49  Extractor  
  16  0:52  Spawning Pool  
  16  0:55  Drone  
  16  0:59  Drone  
  17  1:09  Drone  
  18  1:31  Hatchery  
  17  1:39  Drone  
  18  1:40  Zergling x2  
  18  1:41  Queen  
  21  1:57  Drone  
  22  2:04  Metabolic Boost  
  21  2:15  Overlord  
  21  2:17  Drone  
  22  2:24  Overlord  
  22  2:33  Queen  
  22  2:36  Baneling Nest  
  23  2:38  Drone x2  
  25  2:46  Zergling x2  
  25  2:49  Zergling x2  
  25  2:50  Zergling x2  
  28  3:01  Drone  
  28  3:02  Drone x2  
  28  3:03  Drone  
  32  3:06  Drone  
  33  3:14  Queen  
  33  3:16  Drone  
  33  3:18  Drone  
  37  3:33  Overlord x2  
  37  3:36  Lair  
  35  4:09  Zergling x8  
  40  4:10  Zergling x14  
  45  4:22  Drone x4  
  45  4:23  Extractor  
  48  4:49  Overlord  
  48  4:54  Spire  
  48  4:56  Extractor  
  46  5:04  Baneling x3  
  46  5:07  Baneling  
  46  5:11  Hatchery, Drone x4  
  49  5:30  Drone x7  
  49  5:31  Drone x2  
  58  5:37  Baneling x3  
  49  5:55  Zergling x10  
  49  5:56  Zergling x4  
  55  6:13  Evolution Chamber  
  55  6:17  Baneling x4  
  54  6:29  Queen  
  54  6:31  Drone x2  
  58  6:33  Extractor, Overlord  
  58  6:38  Hatchery  
  56  6:40  Drone x3  
  56  6:41  Drone x5  
  56  6:42  Spore Crawler  
  56  6:43  Drone x4  
  67  6:48  Zerg Melee Weapons Level 1  
  67  7:09  Extractor  
  67  7:11  Extractor  
  67  7:13  Centrifical Hooks  
  65  7:24  Zergling x12  
  65  7:25  Zergling x12  
  65  7:28  Baneling x3  
  65  7:29  Baneling x3  
  76  7:46  Drone, Infestation Pit  
  76  7:47  Drone x5  
  81  8:02  Spine Crawler  
  81  8:04  Spore Crawler  
  79  8:06  Overlord  
  79  8:09  Overseer  
  79  8:14  Overseer  
  79  8:16  Overlord x2  
  79  8:23  Spore Crawler, Evolution Chamber  
  79  8:24  Spine Crawler  
  76  8:34  Corruptor x6  
  76  8:35  Corruptor x3  
  76  8:39  Hive  
  94  8:50  Overseer  
  94  8:55  Queen  
  96  9:13  Overlord x2  
  96  9:20  Zerg Melee Weapons Level 2  
  96  9:21  Zerg Ground Armor Level 1  
  96  9:27  Overlord  
  96  9:29  Zergling x2  
  96  9:30  Zergling x2  
  98  9:35  Mutalisk x7  
  112  10:11  Ultralisk Cavern  
  112  10:12  Adrenal Glands  
  111  10:18  Pathogen Glands  
  111  10:19  Overlord x3  
  111  10:20  Drone  
  111  10:21  Drone x6  
  116  10:28  Drone x4  
  120  10:29  Drone x2  
  120  10:30  Overlord  
  120  10:33  Overlord  
  124  10:36  Hatchery  
  124  10:38  Extractor  
  124  10:40  Extractor  
  109  10:59  Swarm Host x4  
  121  11:04  Swarm Host  
  124  11:29  Zergling x2  
  125  11:41  Swarm Host x5  
  125  11:45  Overlord x2  
  139  12:25  Burrow  
  139  12:26  Pneumatized Carapace  
  139  12:30  Baneling x4  
  139  12:31  Baneling x7  
  139  12:33  Ultralisk x2  
  139  12:36  Overlord  
  151  12:39  Viper x3  
  160  12:50  Corruptor  
  160  12:51  Corruptor x2  
  166  13:03  Zerg Ground Armor Level 2  
  166  13:05  Zerg Missile Weapons Level 1  
  166  13:33  Overlord  
  166  13:34  Ultralisk x2  
  178  13:48  Swarm Host x4  
  178  13:49  Swarm Host  
  193  13:56  Baneling  
  193  13:57  Baneling x6  
  193  14:04  Zergling x2  
  193  14:05  Zergling x2  
  193  14:06  Zergling x2  
  196  14:13  Hatchery, Extractor  
  196  14:16  Extractor  
  192  14:41  Greater Spire  
  192  14:58  Hatchery  
  191  15:13  Corruptor x4  
  199  15:34  Zerg Ground Armor Level 3  
  199  15:35  Zerg Missile Weapons Level 2  
  196  16:12  Corruptor x3  
  192  16:45  Zerg Flyer Weapons Level 1  
  192  17:03  Viper x2  
  198  17:27  Overlord  
  198  17:51  Zerg Melee Weapons Level 3  
  141  18:37  Ultralisk x6  
  141  18:38  Ultralisk x3  
  141  18:41  Corruptor x2  
  197  18:59  Overlord x3  
  166  19:18  Corruptor x2  
  166  19:19  Corruptor x8  
  166  19:20  Corruptor x7  
  166  19:21  Corruptor  
  148  19:46  Overlord  
  146  19:54  Corruptor  
  146  19:55  Corruptor x5  
  133  20:43  Ultralisk x4  
  157  20:58  Drone x2  
  157  20:59  Drone x7  
  157  21:00  Drone x2  
  157  21:01  Drone  
  166  21:42  Brood Lord  
  166  21:43  Brood Lord  
  170  21:56  Brood Lord  
  172  22:07  Extractor  
  171  22:09  Extractor  
  170  22:18  Zergling x2  
  170  22:20  Overlord  
  170  22:21  Hatchery  
  170  22:22  Extractor  
  169  22:23  Extractor  
  169  22:24  Hatchery, Extractor  
  166  22:50  Extractor  
  166  22:51  Hatchery  
  164  22:54  Extractor  
  163  23:00  Viper  
  163  23:01  Viper  
  169  23:27  Drone x3  
  169  23:28  Drone x3  
  174  23:45  Viper x2  
  180  24:05  Viper x2  
  186  24:21  Viper x2  
  192  24:30  Drone x2  
  192  24:31  Drone  
  195  24:56  Brood Lord x2  
  139  25:49  Corruptor x5  
  123  25:50  Corruptor x4  
  119  26:17  Mutalisk  
  119  26:18  Mutalisk x6  
  121  26:19  Mutalisk x3  
  121  26:25  Viper x2  
  145  26:55  Hatchery  
  145  26:58  Ultralisk x2  
  156  27:03  Chitinous Plating  
  156  27:12  Overseer  
  157  27:15  Zergling x2  
Tags
 
Add a new tag
Caveats
  • Supply blocks, unpowered buildings, or Contaminate may cause inaccurate times.
  • Supply counts are checked every 10 seconds.